Map: Crête de Lerilak

Players

zidar

  • Race: Zerg Zerg
  • Spawn Location: 1:00

JEDRYS - Winner!

  • Race: Zerg Zerg
  • League: Bronze
  • Spawn Location: 11:00

VOD

Have the link to the VOD?

Description

Time

  • Played on: Nov. 13, 2015, 10:50 a.m.
  • Length: 3:42
Show
View Real Time Build Order
Export as new Build Order

zidar Zerg 

Build Orders: Hatch First 

Get SALT Encoding   

  12  0:01  Drone  
  13  0:12  Overlord  
  13  0:17  Drone  
  14  0:30  Drone x2  
  16  0:52  Hatchery  
  16  0:54  Drone  
  16  1:10  Spawning Pool  
  15  1:13  Drone  
  16  1:19  Extractor  
  16  1:20  Drone  
  16  1:24  Drone  
  17  1:29  Drone  
  18  1:49  Drone x2  
  20  1:57  Queen  
  20  1:59  Overlord  
  22  2:08  Baneling Nest  
  21  2:27  Queen  
  23  2:31  Zergling x2  
  23  2:32  Zergling x4  
  26  2:46  Overlord  
  26  2:50  Drone  
  26  2:51  Drone  
  28  2:58  Baneling x2  
  28  3:13  Drone x7  
Show
View Real Time Build Order
Export as new Build Order

JEDRYS Zerg - Winner!

Build Orders: Pool First 

Get SALT Encoding   

  12  0:01  Drone  
  13  0:14  Overlord  
  13  0:19  Drone  
  14  0:33  Extractor  
  13  0:42  Spawning Pool  
  12  0:43  Drone  
  14  0:50  Drone  
  14  0:57  Drone  
  14  1:03  Drone  
  16  1:06  Drone  
  17  1:17  Drone  
  18  1:28  Drone  
  18  1:29  Queen  
  21  1:37  Metabolic Boost  
  21  1:44  Overlord  
  21  2:11  Hatchery  
  21  2:13  Overlord  
  20  2:27  Zergling x6  
  23  2:45  Zergling x2  
  23  2:46  Zergling x6  
  27  2:57  Overlord  
  27  3:12  Overlord  
Tags
 
Add a new tag
Caveats
  • Supply blocks, unpowered buildings, or Contaminate may cause inaccurate times.
  • Supply counts are checked every 10 seconds.